Map: Newkirk Precinct TE (Void)

Players

Railgan

  • Race: Terran Terran
  • League: Grandmaster
  • Spawn Location: 5:00

Krash - Winner!

  • Race: Zerg Zerg
  • League: Master
  • Spawn Location: 7:00

VOD

Have the link to the VOD?

Description

Time

  • Played on: March 5, 2017, 9:46 a.m.
  • Length: 14:30
Show
View Real Time Build Order
Export as new Build Order

Railgan Terran 

Build Orders: Command Center First (CC), MMM Bio 

Get SALT Encoding   

  12  0:01  SCV  
  13  0:13  SCV  
  14  0:25  SCV  
  15  0:30  Supply Depot  
  15  0:55  Command Center  
  15  0:58  SCV  
  16  1:10  SCV  
  17  1:14  Barracks  
  17  1:22  SCV  
  17  1:23  Refinery  
  18  1:34  SCV  
  18  1:35  Refinery  
  19  1:46  SCV  
  20  1:54  Barracks  
  20  1:58  SCV  
  21  2:09  Barracks Reactor, Orbital Command  
  21  2:19  Orbital Command  
  21  2:38  Factory, SCV  
  21  2:43  Barracks Tech Lab  
  22  2:47  SCV  
  22  2:49  Marine  
  22  2:50  Marine, SCV  
  26  2:56  Bunker  
  26  2:59  SCV  
  26  3:02  SCV  
  28  3:06  Stimpack  
  28  3:08  Marine  
  28  3:11  Marine, SCV  
  31  3:14  Marine, SCV  
  33  3:23  SCV  
  33  3:25  Starport  
  33  3:26  SCV  
  35  3:27  Factory Reactor  
  35  3:32  Marine  
  36  3:34  Marine  
  36  3:35  SCV  
  38  3:44  Supply Depot  
  38  3:51  SCV  
  38  3:52  Marine x2  
  38  3:53  SCV  
  38  3:54  Supply Depot  
  42  3:57  Marine  
  43  4:03  SCV  
  43  4:09  Medivac x2, Marine  
  48  4:11  Supply Depot, SCV  
  48  4:15  SCV  
  48  4:16  Marine, Engineering Bay  
  52  4:18  Marine  
  52  4:23  SCV  
  54  4:27  SCV  
  54  4:29  Engineering Bay  
  55  4:33  Marine  
  55  4:34  Widow Mine  
  55  4:35  SCV  
  59  4:39  SCV  
  59  4:42  Supply Depot  
  59  4:43  Marine x2  
  62  4:48  SCV  
  62  4:51  SCV  
  64  4:55  Terran Infantry Weapons Level 1  
  64  4:56  Marine  
  64  4:58  Terran Infantry Armor Level 1  
  65  5:01  Marine  
  65  5:02  Barracks  
  65  5:03  SCV  
  67  5:14  Factory Reactor  
  67  5:15  Command Center  
  67  5:19  Marine x2  
  69  5:32  Marine  
  64  5:36  SCV  
  64  5:37  Marine  
  62  5:45  Marine  
  62  5:46  SCV  
  62  5:47  Combat Shields  
  62  5:48  SCV  
  65  5:50  Marine, Armory  
  65  5:54  Refinery  
  65  5:55  Barracks Reactor, Refinery  
  66  5:58  Marine, SCV  
  66  6:00  Widow Mine x2  
  66  6:01  SCV  
  73  6:05  Barracks x2  
  73  6:06  Barracks, Supply Depot  
  73  6:08  Marauder  
  73  6:10  Supply Depot, SCV  
  76  6:13  Medivac  
  78  6:27  SCV  
  78  6:29  Supply Depot  
  78  6:31  Supply Depot  
  79  6:36  Widow Mine x2  
  79  6:37  Medivac  
  79  6:38  Marine x2  
  79  6:39  Marine  
  88  6:40  SCV  
  88  6:44  Marine x2  
  88  6:46  Supply Depot  
  91  6:50  Medivac  
  91  6:51  SCV  
  91  6:53  Orbital Command  
  94  6:55  Barracks Tech Lab  
  94  6:56  Barracks Reactor, Barracks Tech Lab  
  94  7:01  Marine x2  
  94  7:03  Marauder  
  98  7:10  Bunker  
  92  7:28  Marine, Widow Mine x2  
  92  7:29  Marine x2  
  96  7:30  Marine, Marauder x3  
  96  7:32  SCV x3  
  96  7:34  Medivac x2  
  104  7:37  Marine  
  104  7:44  SCV x2  
  106  7:45  SCV  
  106  7:51  Terran Infantry Weapons Level 2, Marauder x2  
  112  7:58  Marine x4  
  112  7:59  Marine x2  
  112  8:00  Terran Infantry Armor Level 2  
  118  8:13  Marine x2  
  118  8:14  Marauder  
  118  8:16  Marine x2  
  118  8:17  Marine x4  
  128  8:20  SCV x2  
  128  8:21  SCV  
  128  8:23  Refinery  
  131  8:31  Marauder  
  133  8:34  SCV  
  133  8:41  Marauder  
  133  8:42  Marine  
  133  8:43  Marine x2  
  133  8:44  Marauder  
  133  8:46  Marine  
  133  8:47  Marine  
  133  8:53  Marine  
  131  8:56  Marauder  
  133  9:04  Marine  
  133  9:06  Marine x2, Marauder  
  133  9:07  Marauder  
  130  9:14  Marine x2  
  130  9:15  Marine  
  130  9:17  Marauder  
  130  9:20  Barracks, SCV  
  130  9:21  Barracks  
  130  9:22  Barracks  
  133  9:24  Widow Mine x2  
  133  9:25  Supply Depot, SCV  
  133  9:26  Supply Depot x2  
  133  9:28  Medivac x2, Marauder x2  
  133  9:29  Refinery  
  148  9:38  Marauder  
  148  9:39  Marine  
  149  9:46  Marine x2  
  149  9:47  Marine x3  
  149  9:49  Marauder x2  
  158  9:55  SCV  
  158  9:56  SCV  
  158  9:57  Marine  
  163  10:00  Marauder, Command Center  
  163  10:04  Marine x3  
  163  10:05  Marine x2  
  159  10:08  Widow Mine  
  159  10:09  Widow Mine  
  159  10:11  Marauder x2  
  163  10:15  Marine  
  152  10:21  Marine, Marauder  
  152  10:22  Marine x7  
  152  10:26  SCV  
  149  10:32  Marauder x2  
  149  10:33  Marine  
  151  10:40  Marine x5  
  151  10:41  SCV x3  
  143  10:43  Marauder  
  143  10:45  Widow Mine  
  145  10:51  Marine  
  145  10:53  Marine x2, SCV x2  
  145  10:56  Barracks Reactor  
  145  10:57  Barracks Reactor x2  
  147  11:03  Medivac  
  147  11:04  Medivac  
  147  11:13  SCV x2  
  147  11:17  Widow Mine x2  
  147  11:18  Marine x4  
  155  11:19  Terran Infantry Armor Level 3  
  155  11:21  SCV  
  158  11:33  Terran Infantry Weapons Level 3  
  158  11:51  Marine x3  
  158  11:52  Marine x3  
  164  11:56  Marine x3  
  164  11:58  Marine, Widow Mine x2  
  164  12:00  Medivac x2  
  170  12:07  Marine  
  170  12:08  Marine x3  
  174  12:11  Marine x2  
  176  12:22  Marine x4  
  160  12:23  Marine x2  
  160  12:27  Widow Mine x2  
  125  12:30  Medivac x2  
  125  12:32  Marine x6  
  104  12:37  Marine  
  104  12:38  Marine  
  102  12:45  Marine  
  102  12:46  Marine, Marauder  
  90  12:53  Marine x2  
  90  12:55  Widow Mine x2, SCV  
  78  13:00  Marine  
  79  13:08  Marine  
  79  13:09  SCV  
  79  13:13  SCV  
  79  13:17  SCV  
  81  13:22  SCV  
  81  13:24  Widow Mine  
  84  13:29  SCV  
  84  13:30  SCV  
  84  13:34  SCV  
  88  13:37  Orbital Command  
  87  13:45  Widow Mine  
  89  13:52  Widow Mine  
  89  13:55  Marauder  
  89  14:03  Marine x6  
  93  14:13  SCV  
  93  14:14  SCV  
Show
View Real Time Build Order
Export as new Build Order

Krash Zerg - Winner!

Build Orders: Hatch First, Muta Ling Bane 

Get SALT Encoding   

  12  0:00  Drone  
  13  0:13  Overlord  
  13  0:17  Drone  
  14  0:31  Drone x2  
  17  0:35  Drone  
  17  0:54  Hatchery  
  17  0:56  Drone  
  17  0:59  Drone  
  18  1:10  Extractor  
  17  1:14  Spawning Pool  
  17  1:17  Drone  
  17  1:20  Drone  
  18  1:31  Drone  
  19  1:40  Overlord  
  19  2:00  Queen  
  21  2:02  Zergling x4  
  21  2:06  Queen  
  21  2:07  Drone  
  26  2:10  Metabolic Boost  
  26  2:25  Drone x2  
  28  2:34  Hatchery  
  27  2:37  Drone x2  
  29  2:45  Queen  
  31  2:55  Overlord  
  31  3:01  Drone x3  
  31  3:02  Drone  
  35  3:16  Drone x2  
  35  3:17  Overlord  
  35  3:19  Drone x4  
  41  3:21  Drone  
  41  3:25  Drone  
  43  3:29  Overlord  
  43  3:35  Drone  
  44  3:42  Extractor  
  44  3:44  Drone  
  44  3:45  Overlord  
  45  3:48  Drone x3  
  45  3:52  Drone  
  48  3:57  Queen  
  48  4:00  Queen  
  52  4:03  Queen  
  54  4:11  Drone x3, Evolution Chamber  
  54  4:12  Drone x2, Evolution Chamber  
  54  4:15  Overlord  
  57  4:20  Zergling x6  
  60  4:32  Overlord  
  60  4:34  Zergling x2  
  60  4:35  Zergling x12  
  67  4:45  Zergling x2  
  67  4:46  Zergling x10  
  73  4:53  Zerg Melee Weapons Level 1, Zerg Ground Armor Level 1  
  73  4:55  Queen  
  73  4:58  Overlord  
  75  5:04  Drone  
  75  5:05  Baneling Nest  
  75  5:16  Lair  
  75  5:18  Drone x3  
  75  5:19  Drone  
  76  5:37  Spine Crawler, Spore Crawler  
  74  5:47  Drone  
  74  5:48  Drone x5  
  74  5:49  Extractor  
  79  5:50  Drone x3  
  79  5:52  Drone x5  
  79  5:53  Drone x2  
  79  5:56  Baneling x4  
  89  6:04  Overlord  
  89  6:08  Drone x3  
  92  6:20  Extractor  
  92  6:21  Drone  
  92  6:22  Drone x8  
  92  6:24  Extractor x2, Overlord x3  
  98  6:38  Baneling, Hatchery  
  98  6:39  Baneling x7  
  96  6:40  Zergling x12  
  96  6:44  Centrifical Hooks  
  102  6:48  Zergling x2  
  102  6:49  Zergling x4  
  102  6:50  Hatchery  
  102  6:54  Baneling x6  
  104  7:03  Queen  
  106  7:09  Zergling x14  
  106  7:31  Overlord x3  
  106  7:32  Zerg Melee Weapons Level 2  
  106  7:33  Zerg Ground Armor Level 2  
  106  7:34  Overseer x2  
  106  7:39  Zergling x2  
  106  7:40  Zergling x18  
  116  7:45  Overlord  
  116  7:46  Overlord x3  
  116  7:51  Overlord  
  116  7:52  Overlord x2  
  116  7:53  Overlord  
  116  7:55  Pneumatized Carapace  
  116  8:00  Spire  
  115  8:17  Drone x6  
  115  8:18  Drone x5, Zergling x4  
  115  8:19  Zergling x8  
  131  8:47  Zergling x8  
  131  8:48  Zergling x20  
  125  9:10  Spine Crawler, Spore Crawler  
  125  9:13  Mutalisk  
  125  9:14  Mutalisk x12  
  148  9:17  Overseer  
  148  9:18  Zerg Flyer Weapons Level 1  
  148  9:25  Mutalisk x2  
  152  9:43  Zergling x2  
  152  9:44  Zergling x24  
  165  9:49  Infestation Pit  
  164  9:53  Hatchery  
  164  9:55  Zergling x10  
  168  10:01  Zergling x2  
  168  10:02  Zergling x18  
  159  10:24  Zergling x8  
  159  10:25  Zergling x18  
  159  10:31  Overseer  
  145  10:48  Zergling x20  
  145  10:49  Zergling x8  
  159  10:56  Overseer  
  159  11:05  Mutalisk x6  
  159  11:09  Hive  
  171  11:17  Overlord x2  
  171  11:18  Overseer x2  
  171  11:22  Baneling x16  
  171  11:23  Baneling x5  
  171  11:34  Queen  
  171  11:37  Zergling x2  
  171  11:38  Hatchery, Zergling x44  
  171  11:39  Zergling x4  
  197  11:48  Baneling x7  
  154  12:34  Mutalisk  
  154  12:35  Mutalisk x5  
  136  12:57  Zergling x2  
  136  12:58  Zergling x36  
  144  13:12  Zergling x12  
  149  13:17  Drone x3, Queen  
  154  13:23  Baneling x13  
  154  13:24  Baneling x11  
  154  13:31  Ultralisk Cavern  
  153  13:37  Zergling x28  
  153  13:38  Zergling x6  
  168  13:41  Overseer  
  168  13:42  Overseer  
  168  13:46  Overseer  
  168  13:53  Zergling x2  
  168  13:54  Zergling x26  
  180  14:07  Extractor  
  180  14:08  Extractor  
  187  14:19  Hatchery  
Tags
 
Add a new tag
Caveats
  • Supply blocks, unpowered buildings, or Contaminate may cause inaccurate times.
  • Supply counts are checked every 10 seconds.